Hurricanes vs Panthers

Created - 24 février 2019 at 17:44

Goals
1 2 3 OT1 T
Hurricanes 1 0 0 1 2
Panthers 0 1 0 0 1
Shots
1 2 3 OT1 T
Hurricanes 9 3 10 1 23
Panthers 13 14 12 2 41

1st period

1. Hurricanes , Zach Parise 18 (Mathew Dumba 30, Bryan Little 25) at 19:15

Penalties :
Jan Rutta (CAR) for Roughing (Minor) at 2:02, Drew Doughty (FLA) for Hooking (Minor) at 14:18

2nd period

2. Panthers , Aleksander Barkov 29 (Nikolaj Ehlers 24, Charlie McAvoy 25) at 4:22

Penalties :
Matthew Tkachuk (FLA) for Hooking (Minor) at 9:10, Justin Williams (FLA) for Tripping (Minor) at 19:55

3rd period

No Goal

Penalties :
Vladimir Sobotka (CAR) for Slashing (Minor) at 3:09

Overtime #1

3. Hurricanes , Bryan Little 13 (Dustin Byfuglien 35, Carl Hagelin 17) at 1:06

Penalties :
No Penalty

Goalie Stats

Frederik Andersen (CAR), 40 saves from 41 shots - (0.976), W, 16-15-4, 61:07 minutes
Devan Dubnyk (FLA), 21 saves from 23 shots - (0.913), OTL, 25-16-10, 61:07 minutes

Players Stats for Hurricanes

Player Name              G  A  P  +/- PIM S  H  SB GA TA FO     MP     PP MP  PK MP  
------------------------------------------------------------------------------------
Alex Chiasson            0  0  0   0  0   1  1  0  0  0  1/2    17:22   0:40   0:45 
Brad Richardson          0  0  0   0  0   0  0  1  0  0  1/1     0:55   0:00   0:55 
Brett Pesce              0  0  0  -1  0   0  0  2  0  0  0/0    16:27   0:04   0:00 
Brian Dumoulin           0  0  0   1  0   0  2  1  0  0  0/0    16:49   0:00   1:30 
Bryan Little             1  1  2   1  0   3  0  0  0  0  14/29  21:15   3:08   0:00 
Carl Hagelin             0  1  1   1  0   2  0  0  0  0  1/7    22:16   2:45   0:58 
Derek Ryan               0  0  0   0  0   4  0  0  0  0  9/26   19:29   2:49   1:01 
Dustin Byfuglien         0  1  1   1  0   0  2  1  0  0  0/0    25:12   3:14   2:28 
Jan Rutta                0  0  0  -1  2   0  2  2  0  0  0/0    13:14   2:43   0:00 
Jordan Oesterle          0  0  0   0  0   0  0  0  0  0  0/0     8:19   0:00   2:28 
Keith Yandle             0  0  0   0  0   1  0  1  0  0  0/0    22:32   2:39   1:30 
Mathew Dumba             0  1  1   1  0   1  4  1  0  0  0/0    18:33   3:14   0:00 
Michael Frolik           0  0  0   0  0   2  0  0  0  0  0/2    18:21   0:00   0:55 
Nick Foligno             0  0  0   0  0   2  6  0  0  0  1/1    18:55   2:13   0:00 
Stefan Noesen            0  0  0   0  0   2  0  0  0  0  0/1     9:58   0:00   0:00 
Tom Pyatt                0  0  0   0  0   2  0  0  0  0  0/0     8:17   0:00   2:18 
Vladimir Sobotka         0  0  0   0  2   2  3  0  0  0  9/19   21:37   3:08   1:04 
Zach Parise              1  0  1   0  0   1  1  0  0  0  0/1    19:50   3:08   0:00 

Players Stats for Panthers

Player Name              G  A  P  +/- PIM S  H  SB GA TA FO     MP     PP MP  PK MP  
------------------------------------------------------------------------------------
Aleksander Barkov        1  0  1   1  0   8  0  0  0  0  12/19  17:13   1:56   0:00 
Andrew Ladd              0  0  0   0  0   1  0  0  0  0  0/0    11:12   0:00   0:19 
Blake Wheeler            0  0  0  -2  0   7  1  0  0  0  0/2    21:55   2:02   0:00 
Brandon Carlo            0  0  0   0  0   0  0  1  0  0  0/0    17:30   0:00   0:56 
Charlie McAvoy           0  1  1   0  0   1  0  1  0  0  0/0    21:37   2:07   2:56 
Drew Doughty             0  0  0  -1  2   0  2  1  0  0  0/0    25:13   2:07   2:05 
Francois Beauchemin      0  0  0   0  0   2  1  1  0  0  0/0    23:57   1:51   2:49 
Joe Thornton             0  0  0   0  0   2  0  0  0  0  9/12   10:53   0:00   0:00 
Joel Armia               0  0  0   0  0   2  0  0  0  0  1/1     6:59   0:00   1:50 
Justin Williams          0  0  0   0  2   2  2  1  0  0  0/1    10:52   0:00   0:00 
Luke Glendening          0  0  0   0  0   3  0  0  0  0  6/14    8:57   0:00   3:48 
Matthew Tkachuk          0  0  0  -1  2   3  2  0  0  0  0/0    20:56   2:02   0:00 
Melker Karlsson          0  0  0   0  0   0  0  0  0  0  0/0     8:57   0:00   3:48 
Michael Matheson         0  0  0   0  0   2  3  0  0  0  0/0    19:06   1:51   3:01 
Nikolaj Ehlers           0  1  1   1  0   1  1  0  0  0  0/1    17:23   1:56   0:19 
Patrik Laine             0  0  0   1  0   0  1  0  0  0  0/1    17:04   1:56   0:00 
Samuel Girard            0  0  0   0  0   0  2  1  0  0  0/0    13:43   0:00   0:07 
Tyler Seguin             0  0  0  -2  0   7  1  0  0  0  25/38  23:54   2:02   1:50 

3 Stars

1 - Frederik Andersen (CAR)
2 - Bryan Little (CAR)
3 - Mathew Dumba (CAR)

Power Play

Hurricanes - 0 on 3 Attempt(s) - 0.00%
Panthers - 0 on 2 Attempt(s) - 0.00%

Penalty Kill

Hurricanes - 2 on 2 Attempt(s) - 100.00% - Score 0 goal in Penalty Kill
Panthers - 3 on 3 Attempt(s) - 100.00% - Score 0 goal in Penalty Kill

Team Stat

Hurricanes - Hits : 21 - Faceoff Wins : 36 - Blocked Shots : 9 - Penalty Minutes : 4
Panthers - Hits : 16 - Faceoff Wins : 53 - Blocked Shots : 6 - Penalty Minutes : 6

Official

Referees : Marc Joannette and Brian Pochmara
Linesman : Shane Heyer and Jay Sharrers

Game Notes

Brad Richardson is injured at 3:17 of 1st period (Strained Left Knee)

Finance

Level 1 -- Attendance: 5898 (98.30%) -- Ticket Income 648 780 $
Level 2 -- Attendance: 5000 (100.00%) -- Ticket Income 375 000 $
Level 3 -- Attendance: 3433 (98.09%) -- Ticket Income 171 650 $
Level 4 -- Attendance: 2902 (77.39%) -- Ticket Income 58 040 $
Luxury Box -- Attendance: 971 (97.10%) -- Ticket Income 199 055 $
Game was played at the BBT Center.
Total Attendance: 18204 (94.57%)
Total Ticket Income: 1 452 525 $
Other Income: 711 737 $
Total Income: 2 164 262 $

% Time on Ice - Hurricanes

Lines # - Real PCT - Wanted PCT - Time Play
Normal Forward
1 - 33% - 38% - 16:42
2 - 35% - 31% - 17:26
3 - 20% - 21% - 9:58
4 - 12% - 10% - 5:59
Normal Defense
1 - 37% - 38% - 18:23
2 - 31% - 30% - 15:19
3 - 21% - 20% - 10:32
4 - 12% - 12% - 5:51
PP Forward
1 - 53% - 54% - 3:08
2 - 47% - 46% - 2:49
PP Defense
1 - 54% - 56% - 3:14
2 - 46% - 44% - 2:43
PK Forward
1 - 77% - 57% - 3:03
2 - 23% - 43% - 0:55
PK Defense
1 - 38% - 56% - 1:30
2 - 62% - 44% - 2:28
PK3 Forward
1 - 0% - 54%
2 - 0% - 46%
PK3 Defense
1 - 0% - 55%
2 - 0% - 45%
44 Forward
1 - 0% - 54%
2 - 0% - 46%
44 Defense
1 - 0% - 55%
2 - 0% - 45%
Last Minute Offensive  - 0:00
Last Minute Defensive  - 0:00
Total
Forward - 60:00
Defense - 60:00

% Time on Ice - Panthers

Lines # - Real PCT - Wanted PCT - Time Play
Normal Forward
1 - 38% - 40% - 18:55
2 - 30% - 30% - 15:08
3 - 22% - 20% - 10:53
4 - 10% - 10% - 5:09
Normal Defense
1 - 39% - 42% - 19:17
2 - 33% - 36% - 16:34
3 - 27% - 22% - 13:36
4 - 1% - 0% - 0:38
PP Forward
1 - 51% - 55% - 2:02
2 - 49% - 45% - 1:56
PP Defense
1 - 53% - 55% - 2:07
2 - 47% - 45% - 1:51
PK Forward
1 - 69% - 60% - 4:07
2 - 31% - 40% - 1:50
PK Defense
1 - 53% - 50% - 3:08
2 - 47% - 50% - 2:49
PK3 Forward
1 - 0% - 60%
2 - 0% - 40%
PK3 Defense
1 - 0% - 50%
2 - 0% - 50%
44 Forward
1 - 0% - 60%
2 - 0% - 40%
44 Defense
1 - 0% - 60%
2 - 0% - 40%
Last Minute Offensive  - 0:00
Last Minute Defensive  - 0:00
Total
Forward - 60:00
Defense - 60:00

Play-by-Play

1st period


0:01 of 1st period - Tyler Seguin wins face-off versus Bryan Little in neutral zone.
0:21 of 1st period - Icing by Dustin Byfuglien.
0:22 of 1st period - Aleksander Barkov wins face-off versus Bryan Little in Hurricanes zone.
1:03 of 1st period - Shot by Patrik Laine.
1:03 of 1st period - Shot Misses the Net.
1:36 of 1st period - Off-side.
1:37 of 1st period - Joe Thornton wins face-off versus Derek Ryan in neutral zone.
1:53 of 1st period - Andrew Ladd is hit by Jan Rutta and loses puck.
2:00 of 1st period - Shot by Joe Thornton.
2:00 of 1st period - Shot Misses the Net.
2:02 of 1st period - Shot by Andrew Ladd.
2:02 of 1st period - Stopped by Frederik Andersen without a rebound.
2:02 of 1st period - Minor Penalty to Jan Rutta for Roughing.
2:03 of 1st period - Tyler Seguin wins face-off versus Vladimir Sobotka in Hurricanes zone.
2:16 of 1st period - Shot by Michael Matheson.
2:16 of 1st period - Shot Misses the Net.
2:22 of 1st period - Shot by Blake Wheeler.
2:22 of 1st period - Deflect By Tyler Seguin.
2:22 of 1st period - Stopped by Frederik Andersen without a rebound.
2:23 of 1st period - Brad Richardson wins face-off versus Tyler Seguin in Hurricanes zone.
2:32 of 1st period - Shot by Tyler Seguin.
2:32 of 1st period - Shot Misses the Net.
2:34 of 1st period - Shot by Tyler Seguin.
2:34 of 1st period - Shot Blocked by Keith Yandle.
3:15 of 1st period - Shot by Michael Matheson.
3:15 of 1st period - Shot Blocked by Brian Dumoulin.
3:17 of 1st period - Shot by Francois Beauchemin.
3:17 of 1st period - Shot Blocked by Brad Richardson.
3:17 of 1st period - Brad Richardson from Hurricanes is injured at 3:17 of 1st period (Strained Left Knee).
3:18 of 1st period - Vladimir Sobotka wins face-off versus Patrik Laine in Hurricanes zone.
4:16 of 1st period - Shot by Joel Armia.
4:16 of 1st period - Stopped by Frederik Andersen without a rebound.
4:17 of 1st period - Joe Thornton wins face-off versus Alex Chiasson in Hurricanes zone.
4:40 of 1st period - Shot by Justin Williams.
4:40 of 1st period - Stopped by Frederik Andersen without a rebound.
4:41 of 1st period - Tyler Seguin wins face-off versus Bryan Little in Hurricanes zone.
4:42 of 1st period - Shot by Blake Wheeler.
4:42 of 1st period - Stopped by Frederik Andersen without a rebound.
4:43 of 1st period - Tyler Seguin wins face-off versus Zach Parise in Hurricanes zone.
4:44 of 1st period - Shot by Blake Wheeler.
4:44 of 1st period - Deflect By Matthew Tkachuk.
4:44 of 1st period - Stopped by Frederik Andersen without a rebound.
4:45 of 1st period - Vladimir Sobotka wins face-off versus Tyler Seguin in Hurricanes zone.
4:52 of 1st period - Shot by Carl Hagelin.
4:52 of 1st period - Shot Misses the Net.
4:54 of 1st period - Shot by Carl Hagelin.
4:54 of 1st period - Shot Misses the Net.
5:06 of 1st period - Shot by Matthew Tkachuk.
5:06 of 1st period - Shot Misses the Net.
5:24 of 1st period - Shot by Vladimir Sobotka.
5:24 of 1st period - Deflect By Michael Frolik.
5:24 of 1st period - Shot Misses the Net.
6:21 of 1st period - Icing by Dustin Byfuglien.
6:22 of 1st period - Vladimir Sobotka wins face-off versus Joe Thornton in Hurricanes zone.
6:22 of 1st period - Vladimir Sobotka is hit by Justin Williams.
6:45 of 1st period - Icing by Keith Yandle.
6:46 of 1st period - Tyler Seguin wins face-off versus Vladimir Sobotka in Hurricanes zone.
7:00 of 1st period - Icing by Michael Matheson.
7:01 of 1st period - Bryan Little wins face-off versus Tyler Seguin in Panthers zone.
7:10 of 1st period - Shot by Tyler Seguin.
7:10 of 1st period - Shot Misses the Net.
7:12 of 1st period - Shot by Tyler Seguin.
7:12 of 1st period - Stopped by Frederik Andersen without a rebound.
7:13 of 1st period - Luke Glendening wins face-off versus Derek Ryan in Hurricanes zone.
7:20 of 1st period - Shot by Tom Pyatt.
7:20 of 1st period - Stopped by Devan Dubnyk with a rebound.
7:26 of 1st period - Shot by Derek Ryan.
7:26 of 1st period - Stopped by Devan Dubnyk without a rebound.
7:27 of 1st period - Tyler Seguin wins face-off versus Bryan Little in Panthers zone.
7:32 of 1st period - Shot by Matthew Tkachuk.
7:32 of 1st period - Shot Misses the Net.
7:40 of 1st period - Shot by Blake Wheeler.
7:40 of 1st period - Stopped by Frederik Andersen without a rebound.
7:41 of 1st period - Aleksander Barkov wins face-off versus Derek Ryan in Hurricanes zone.
7:44 of 1st period - Shot by Patrik Laine.
7:44 of 1st period - Shot Misses the Net.
7:46 of 1st period - Shot by Francois Beauchemin.
7:46 of 1st period - Stopped by Frederik Andersen without a rebound.
7:47 of 1st period - Bryan Little wins face-off versus Tyler Seguin in Hurricanes zone.
7:58 of 1st period - Francois Beauchemin is hit by Nick Foligno and loses puck.
8:35 of 1st period - Drew Doughty is hit by Nick Foligno and loses puck.
8:39 of 1st period - Icing by Drew Doughty.
8:40 of 1st period - Tyler Seguin wins face-off versus Derek Ryan in Panthers zone.
8:51 of 1st period - Brett Pesce is hit by Matthew Tkachuk.
9:36 of 1st period - Icing by Brett Pesce.
9:37 of 1st period - Joe Thornton wins face-off versus Derek Ryan in Hurricanes zone.
11:00 of 1st period - Shot by Nick Foligno.
11:00 of 1st period - Shot Blocked by Justin Williams.
11:06 of 1st period - Shot by Zach Parise.
11:06 of 1st period - Shot Blocked by Samuel Girard.
11:08 of 1st period - Shot by Bryan Little.
11:08 of 1st period - Stopped by Devan Dubnyk without a rebound.
11:09 of 1st period - Aleksander Barkov wins face-off versus Derek Ryan in Panthers zone.
11:24 of 1st period - Shot by Derek Ryan.
11:24 of 1st period - Stopped by Devan Dubnyk with a rebound.
11:26 of 1st period - Shot by Tom Pyatt.
11:26 of 1st period - Shot Misses the Net.
11:28 of 1st period - Shot by Tom Pyatt.
11:28 of 1st period - Stopped by Devan Dubnyk without a rebound.
11:29 of 1st period - Tyler Seguin wins face-off versus Vladimir Sobotka in Panthers zone.
11:29 of 1st period - Tyler Seguin is hit by Vladimir Sobotka.
13:18 of 1st period - Nikolaj Ehlers is hit by Mathew Dumba and loses puck.
13:23 of 1st period - Shot by Aleksander Barkov.
13:23 of 1st period - Shot Misses the Net.
13:31 of 1st period - Shot by Aleksander Barkov.
13:31 of 1st period - Shot Misses the Net.
13:33 of 1st period - Shot by Aleksander Barkov.
13:33 of 1st period - Shot Misses the Net.
13:59 of 1st period - Shot by Matthew Tkachuk.
13:59 of 1st period - Shot Blocked by Brett Pesce.
14:06 of 1st period - Off-side.
14:07 of 1st period - Joe Thornton wins face-off versus Derek Ryan in neutral zone.
14:18 of 1st period - Minor Penalty to Drew Doughty for Hooking.
14:19 of 1st period - Derek Ryan wins face-off versus Luke Glendening in Panthers zone.
15:00 of 1st period - Shot by Bryan Little.
15:00 of 1st period - Shot Misses the Net.
15:02 of 1st period - Shot by Bryan Little.
15:02 of 1st period - Shot Misses the Net.
15:12 of 1st period - Shot by Vladimir Sobotka.
15:12 of 1st period - Stopped by Devan Dubnyk with a rebound.
15:14 of 1st period - Shot by Zach Parise.
15:14 of 1st period - Deflect By Vladimir Sobotka.
15:14 of 1st period - Stopped by Devan Dubnyk without a rebound.
15:15 of 1st period - Tyler Seguin wins face-off versus Carl Hagelin in Panthers zone.
15:22 of 1st period - Shot by Tyler Seguin.
15:22 of 1st period - Stopped by Frederik Andersen without a rebound.
15:23 of 1st period - Tyler Seguin wins face-off versus Vladimir Sobotka in Hurricanes zone.
15:46 of 1st period - Shot by Bryan Little.
15:46 of 1st period - Shot Misses the Net.
16:34 of 1st period - Shot by Derek Ryan.
16:34 of 1st period - Shot Blocked by Drew Doughty.
17:56 of 1st period - Shot by Tyler Seguin.
17:56 of 1st period - Deflect By Blake Wheeler.
17:56 of 1st period - Stopped by Frederik Andersen with a rebound.
17:58 of 1st period - Shot by Blake Wheeler.
17:58 of 1st period - Stopped by Frederik Andersen without a rebound.
17:59 of 1st period - Luke Glendening wins face-off versus Vladimir Sobotka in Hurricanes zone.
18:21 of 1st period - Shot by Michael Frolik.
18:21 of 1st period - Stopped by Devan Dubnyk with a rebound.
18:38 of 1st period - Dustin Byfuglien is hit by Francois Beauchemin and loses puck.
19:15 of 1st period - Shot by Zach Parise.
19:15 of 1st period - Goal by Zach Parise - Hurricanes : 1 - Panthers : 0.
19:16 of 1st period - Bryan Little wins face-off versus Nikolaj Ehlers in neutral zone.
19:29 of 1st period - Shot by Aleksander Barkov.
19:29 of 1st period - Stopped by Frederik Andersen without a rebound.
19:30 of 1st period - Tyler Seguin wins face-off versus Bryan Little in Hurricanes zone.
19:55 of 1st period - Shot by Nick Foligno.
19:55 of 1st period - Shot Misses the Net.
Goals for this period are 1 for Hurricanes vs 0 for Panthers.
Shots for this period are 9 for Hurricanes vs 13 for Panthers.

2nd period


0:01 of 2nd period - Tyler Seguin wins face-off versus Bryan Little in neutral zone.
0:01 of 2nd period - Drew Doughty is hit by Nick Foligno and loses puck.
0:14 of 2nd period - Shot by Matthew Tkachuk.
0:14 of 2nd period - Stopped by Frederik Andersen without a rebound.
0:15 of 2nd period - Aleksander Barkov wins face-off versus Derek Ryan in Hurricanes zone.
0:19 of 2nd period - Icing by Stefan Noesen.
0:20 of 2nd period - Tyler Seguin wins face-off versus Stefan Noesen in Hurricanes zone.
0:40 of 2nd period - Shot by Alex Chiasson.
0:40 of 2nd period - Shot Misses the Net.
1:02 of 2nd period - Shot by Tyler Seguin.
1:02 of 2nd period - Stopped by Frederik Andersen without a rebound.
1:03 of 2nd period - Aleksander Barkov wins face-off versus Bryan Little in Hurricanes zone.
1:52 of 2nd period - Off-side.
1:53 of 2nd period - Joe Thornton wins face-off versus Vladimir Sobotka in neutral zone.
2:12 of 2nd period - Shot by Joe Thornton.
2:12 of 2nd period - Shot Misses the Net.
2:14 of 2nd period - Shot by Joe Thornton.
2:14 of 2nd period - Shot Misses the Net.
2:39 of 2nd period - Icing by Dustin Byfuglien.
2:40 of 2nd period - Carl Hagelin wins face-off versus Tyler Seguin in Hurricanes zone.
2:40 of 2nd period - Carl Hagelin is hit by Tyler Seguin.
3:23 of 2nd period - Shot by Matthew Tkachuk.
3:23 of 2nd period - Shot Blocked by Dustin Byfuglien.
3:39 of 2nd period - Shot by Aleksander Barkov.
3:39 of 2nd period - Shot Misses the Net.
3:41 of 2nd period - Shot by Nikolaj Ehlers.
3:41 of 2nd period - Stopped by Frederik Andersen without a rebound.
3:42 of 2nd period - Joel Armia wins face-off versus Bryan Little in Hurricanes zone.
3:50 of 2nd period - Icing by Brett Pesce.
3:51 of 2nd period - Aleksander Barkov wins face-off versus Bryan Little in Hurricanes zone.
4:14 of 2nd period - Shot by Nikolaj Ehlers.
4:14 of 2nd period - Shot Blocked by Brett Pesce.
4:16 of 2nd period - Shot by Brandon Carlo.
4:16 of 2nd period - Shot Hit the Post.
4:18 of 2nd period - Shot by Charlie McAvoy.
4:18 of 2nd period - Shot Blocked by Jan Rutta.
4:20 of 2nd period - Shot by Nikolaj Ehlers.
4:20 of 2nd period - Shot Misses the Net.
4:22 of 2nd period - Shot by Aleksander Barkov.
4:22 of 2nd period - Goal by Aleksander Barkov - Hurricanes : 1 - Panthers : 1.
4:23 of 2nd period - Derek Ryan wins face-off versus Tyler Seguin in neutral zone.
4:23 of 2nd period - Brian Dumoulin is hit by Matthew Tkachuk and loses puck.
4:28 of 2nd period - Brian Dumoulin is hit by Blake Wheeler and loses puck.
5:26 of 2nd period - Shot by Nick Foligno.
5:26 of 2nd period - Stopped by Devan Dubnyk without a rebound.
5:27 of 2nd period - Bryan Little wins face-off versus Aleksander Barkov in Panthers zone.
5:27 of 2nd period - Bryan Little is hit by Michael Matheson.
5:32 of 2nd period - Icing by Michael Matheson.
5:33 of 2nd period - Bryan Little wins face-off versus Aleksander Barkov in Panthers zone.
5:35 of 2nd period - Nick Foligno is hit by Samuel Girard and loses puck.
5:45 of 2nd period - Bryan Little is hit by Michael Matheson and loses puck.
6:36 of 2nd period - Blake Wheeler is hit by Dustin Byfuglien and loses puck.
6:39 of 2nd period - Shot by Tyler Seguin.
6:39 of 2nd period - Shot Misses the Net.
6:41 of 2nd period - Shot by Blake Wheeler.
6:41 of 2nd period - Stopped by Frederik Andersen without a rebound.
6:42 of 2nd period - Joe Thornton wins face-off versus Derek Ryan in Hurricanes zone.
6:48 of 2nd period - Off-side.
6:49 of 2nd period - Vladimir Sobotka wins face-off versus Tyler Seguin in neutral zone.
7:32 of 2nd period - Shot by Matthew Tkachuk.
7:32 of 2nd period - Deflect By Tyler Seguin.
7:32 of 2nd period - Shot Misses the Net.
8:26 of 2nd period - Shot by Derek Ryan.
8:26 of 2nd period - Shot Blocked by Charlie McAvoy.
8:41 of 2nd period - Icing by Jan Rutta.
8:42 of 2nd period - Bryan Little wins face-off versus Aleksander Barkov in Hurricanes zone.
8:42 of 2nd period - Bryan Little is hit by Patrik Laine.
8:59 of 2nd period - Shot by Aleksander Barkov.
8:59 of 2nd period - Stopped by Frederik Andersen without a rebound.
9:00 of 2nd period - Tyler Seguin wins face-off versus Derek Ryan in Hurricanes zone.
9:00 of 2nd period - Drew Doughty is hit by Mathew Dumba and loses puck.
9:10 of 2nd period - Minor Penalty to Matthew Tkachuk for Hooking.
9:11 of 2nd period - Bryan Little wins face-off versus Luke Glendening in Panthers zone.
10:42 of 2nd period - Francois Beauchemin is hit by Nick Foligno and loses puck.
11:37 of 2nd period - Shot by Nikolaj Ehlers.
11:37 of 2nd period - Shot Misses the Net.
11:39 of 2nd period - Shot by Patrik Laine.
11:39 of 2nd period - Shot Misses the Net.
11:41 of 2nd period - Shot by Aleksander Barkov.
11:41 of 2nd period - Stopped by Frederik Andersen without a rebound.
11:42 of 2nd period - Tyler Seguin wins face-off versus Vladimir Sobotka in Hurricanes zone.
12:05 of 2nd period - Shot by Tyler Seguin.
12:05 of 2nd period - Stopped by Frederik Andersen without a rebound.
12:06 of 2nd period - Bryan Little wins face-off versus Joe Thornton in Hurricanes zone.
12:06 of 2nd period - Bryan Little is hit by Justin Williams.
12:35 of 2nd period - Shot by Joe Thornton.
12:35 of 2nd period - Shot Misses the Net.
13:28 of 2nd period - Brett Pesce is hit by Drew Doughty.
13:30 of 2nd period - Shot by Carl Hagelin.
13:30 of 2nd period - Stopped by Devan Dubnyk without a rebound.
13:31 of 2nd period - Aleksander Barkov wins face-off versus Derek Ryan in Panthers zone.
13:31 of 2nd period - Aleksander Barkov is hit by Nick Foligno.
13:37 of 2nd period - Charlie McAvoy is hit by Nick Foligno and loses puck.
13:56 of 2nd period - Shot by Derek Ryan.
13:56 of 2nd period - Deflect By Nick Foligno.
13:56 of 2nd period - Shot Misses the Net.
13:58 of 2nd period - Shot by Nick Foligno.
13:58 of 2nd period - Shot Blocked by Brandon Carlo.
14:11 of 2nd period - Shot by Mathew Dumba.
14:11 of 2nd period - Shot Misses the Net.
14:45 of 2nd period - Shot by Luke Glendening.
14:45 of 2nd period - Stopped by Frederik Andersen without a rebound.
14:46 of 2nd period - Derek Ryan wins face-off versus Tyler Seguin in Hurricanes zone.
15:45 of 2nd period - Shot by Joel Armia.
15:45 of 2nd period - Stopped by Frederik Andersen with a rebound.
15:47 of 2nd period - Shot by Michael Matheson.
15:47 of 2nd period - Stopped by Frederik Andersen without a rebound.
15:48 of 2nd period - Joe Thornton wins face-off versus Vladimir Sobotka in Hurricanes zone.
15:48 of 2nd period - Andrew Ladd is hit by Mathew Dumba and loses puck.
15:51 of 2nd period - Shot by Joe Thornton.
15:51 of 2nd period - Stopped by Frederik Andersen without a rebound.
15:52 of 2nd period - Aleksander Barkov wins face-off versus Vladimir Sobotka in Hurricanes zone.
16:03 of 2nd period - Shot by Aleksander Barkov.
16:03 of 2nd period - Stopped by Frederik Andersen with a rebound.
16:51 of 2nd period - Michael Matheson is hit by Vladimir Sobotka and loses puck.
17:02 of 2nd period - Shot by Justin Williams.
17:02 of 2nd period - Stopped by Frederik Andersen without a rebound.
17:03 of 2nd period - Tyler Seguin wins face-off versus Bryan Little in Hurricanes zone.
17:06 of 2nd period - Shot by Blake Wheeler.
17:06 of 2nd period - Shot Misses the Net.
18:54 of 2nd period - Icing by Brandon Carlo.
18:55 of 2nd period - Luke Glendening wins face-off versus Vladimir Sobotka in Panthers zone.
18:55 of 2nd period - Luke Glendening is hit by Vladimir Sobotka.
19:14 of 2nd period - Shot by Keith Yandle.
19:14 of 2nd period - Stopped by Devan Dubnyk with a rebound.
19:55 of 2nd period - Minor Penalty to Justin Williams for Tripping.
19:56 of 2nd period - Luke Glendening wins face-off versus Derek Ryan in Panthers zone.
19:56 of 2nd period - Luke Glendening is hit by Alex Chiasson.
Goals for this period are 0 for Hurricanes vs 1 for Panthers.
Shots for this period are 3 for Hurricanes vs 14 for Panthers.

3rd period


0:01 of 3rd period - Bryan Little wins face-off versus Luke Glendening in neutral zone.
0:10 of 3rd period - Shot by Mathew Dumba.
0:10 of 3rd period - Stopped by Devan Dubnyk without a rebound.
0:11 of 3rd period - Derek Ryan wins face-off versus Luke Glendening in Panthers zone.
0:36 of 3rd period - Icing by Carl Hagelin.
0:37 of 3rd period - Luke Glendening wins face-off versus Derek Ryan in Hurricanes zone.
1:01 of 3rd period - Icing by Dustin Byfuglien.
1:02 of 3rd period - Tyler Seguin wins face-off versus Derek Ryan in Hurricanes zone.
1:05 of 3rd period - Shot by Francois Beauchemin.
1:05 of 3rd period - Stopped by Frederik Andersen without a rebound.
1:06 of 3rd period - Bryan Little wins face-off versus Luke Glendening in Hurricanes zone.
1:50 of 3rd period - Icing by Zach Parise.
1:51 of 3rd period - Bryan Little wins face-off versus Luke Glendening in Hurricanes zone.
2:00 of 3rd period - Shot by Charlie McAvoy.
2:00 of 3rd period - Shot Blocked by Mathew Dumba.
2:02 of 3rd period - Shot by Aleksander Barkov.
2:02 of 3rd period - Stopped by Frederik Andersen without a rebound.
2:03 of 3rd period - Tyler Seguin wins face-off versus Derek Ryan in Hurricanes zone.
2:14 of 3rd period - Shot by Stefan Noesen.
2:14 of 3rd period - Shot Misses the Net.
2:16 of 3rd period - Shot by Alex Chiasson.
2:16 of 3rd period - Shot Misses the Net.
3:09 of 3rd period - Minor Penalty to Vladimir Sobotka for Slashing.
3:10 of 3rd period - Aleksander Barkov wins face-off versus Carl Hagelin in Hurricanes zone.
3:39 of 3rd period - Shot by Nikolaj Ehlers.
3:39 of 3rd period - Shot Misses the Net.
3:41 of 3rd period - Shot by Aleksander Barkov.
3:41 of 3rd period - Shot Hit the Post.
3:43 of 3rd period - Shot by Charlie McAvoy.
3:43 of 3rd period - Stopped by Frederik Andersen without a rebound.
3:44 of 3rd period - Tyler Seguin wins face-off versus Carl Hagelin in Hurricanes zone.
3:45 of 3rd period - Shot by Matthew Tkachuk.
3:45 of 3rd period - Deflect By Tyler Seguin.
3:45 of 3rd period - Stopped by Frederik Andersen without a rebound.
3:46 of 3rd period - Tyler Seguin wins face-off versus Carl Hagelin in Hurricanes zone.
3:46 of 3rd period - Blake Wheeler is hit by Dustin Byfuglien.
3:50 of 3rd period - Shot by Matthew Tkachuk.
3:50 of 3rd period - Shot Misses the Net.
3:52 of 3rd period - Shot by Tyler Seguin.
3:52 of 3rd period - Stopped by Frederik Andersen without a rebound.
3:53 of 3rd period - Aleksander Barkov wins face-off versus Carl Hagelin in Hurricanes zone.
4:05 of 3rd period - Shot by Francois Beauchemin.
4:05 of 3rd period - Shot Misses the Net.
4:07 of 3rd period - Shot by Aleksander Barkov.
4:07 of 3rd period - Shot Misses the Net.
4:09 of 3rd period - Shot by Michael Matheson.
4:09 of 3rd period - Shot Misses the Net.
4:11 of 3rd period - Shot by Michael Matheson.
4:11 of 3rd period - Stopped by Frederik Andersen without a rebound.
4:12 of 3rd period - Tyler Seguin wins face-off versus Carl Hagelin in Hurricanes zone.
4:47 of 3rd period - Shot by Matthew Tkachuk.
4:47 of 3rd period - Shot Misses the Net.
5:12 of 3rd period - Andrew Ladd is hit by Zach Parise and loses puck.
5:24 of 3rd period - Shot by Joe Thornton.
5:24 of 3rd period - Stopped by Frederik Andersen without a rebound.
5:25 of 3rd period - Vladimir Sobotka wins face-off versus Aleksander Barkov in Hurricanes zone.
5:25 of 3rd period - Vladimir Sobotka is hit by Nikolaj Ehlers.
5:48 of 3rd period - Icing by Aleksander Barkov.
5:49 of 3rd period - Bryan Little wins face-off versus Aleksander Barkov in Panthers zone.
6:26 of 3rd period - Shot by Tyler Seguin.
6:26 of 3rd period - Shot Misses the Net.
6:28 of 3rd period - Shot by Tyler Seguin.
6:28 of 3rd period - Shot Blocked by Jan Rutta.
6:45 of 3rd period - Shot by Blake Wheeler.
6:45 of 3rd period - Stopped by Frederik Andersen without a rebound.
6:46 of 3rd period - Joe Thornton wins face-off versus Derek Ryan in Hurricanes zone.
6:51 of 3rd period - Shot by Justin Williams.
6:51 of 3rd period - Shot Misses the Net.
7:09 of 3rd period - Shot by Stefan Noesen.
7:09 of 3rd period - Stopped by Devan Dubnyk without a rebound.
7:10 of 3rd period - Vladimir Sobotka wins face-off versus Blake Wheeler in Panthers zone.
7:15 of 3rd period - Shot by Carl Hagelin.
7:15 of 3rd period - Shot Misses the Net.
7:17 of 3rd period - Shot by Michael Frolik.
7:17 of 3rd period - Stopped by Devan Dubnyk without a rebound.
7:18 of 3rd period - Vladimir Sobotka wins face-off versus Blake Wheeler in Panthers zone.
7:18 of 3rd period - Dustin Byfuglien is hit by Drew Doughty.
7:51 of 3rd period - Shot by Vladimir Sobotka.
7:51 of 3rd period - Deflect By Carl Hagelin.
7:51 of 3rd period - Shot Misses the Net.
8:21 of 3rd period - Blake Wheeler is hit by Mathew Dumba and loses puck.
8:41 of 3rd period - Off-side.
8:42 of 3rd period - Derek Ryan wins face-off versus Justin Williams in neutral zone.
8:49 of 3rd period - Shot by Alex Chiasson.
8:49 of 3rd period - Stopped by Devan Dubnyk without a rebound.
8:50 of 3rd period - Derek Ryan wins face-off versus Aleksander Barkov in Panthers zone.
9:04 of 3rd period - Nikolaj Ehlers is hit by Jan Rutta and loses puck.
9:15 of 3rd period - Shot by Derek Ryan.
9:15 of 3rd period - Shot Misses the Net.
9:17 of 3rd period - Shot by Stefan Noesen.
9:17 of 3rd period - Stopped by Devan Dubnyk without a rebound.
9:18 of 3rd period - Joe Thornton wins face-off versus Bryan Little in Panthers zone.
9:37 of 3rd period - Shot by Justin Williams.
9:37 of 3rd period - Shot Misses the Net.
11:13 of 3rd period - Icing by Brett Pesce.
11:14 of 3rd period - Derek Ryan wins face-off versus Luke Glendening in Hurricanes zone.
11:32 of 3rd period - Icing by Jan Rutta.
11:33 of 3rd period - Aleksander Barkov wins face-off versus Derek Ryan in Hurricanes zone.
11:43 of 3rd period - Alex Chiasson is hit by Samuel Girard and loses puck.
11:49 of 3rd period - Alex Chiasson is hit by Michael Matheson and loses puck.
11:57 of 3rd period - Icing by Samuel Girard.
11:58 of 3rd period - Aleksander Barkov wins face-off versus Bryan Little in Panthers zone.
12:10 of 3rd period - Off-side.
12:11 of 3rd period - Vladimir Sobotka wins face-off versus Tyler Seguin in neutral zone.
12:27 of 3rd period - Shot by Michael Frolik.
12:27 of 3rd period - Shot Blocked by Francois Beauchemin.
14:30 of 3rd period - Shot by Derek Ryan.
14:30 of 3rd period - Stopped by Devan Dubnyk without a rebound.
14:31 of 3rd period - Derek Ryan wins face-off versus Tyler Seguin in Panthers zone.
15:11 of 3rd period - Shot by Tyler Seguin.
15:11 of 3rd period - Shot Misses the Net.
16:09 of 3rd period - Shot by Carl Hagelin.
16:09 of 3rd period - Stopped by Devan Dubnyk without a rebound.
16:10 of 3rd period - Nick Foligno wins face-off versus Luke Glendening in Panthers zone.
16:34 of 3rd period - Shot by Luke Glendening.
16:34 of 3rd period - Stopped by Frederik Andersen without a rebound.
16:35 of 3rd period - Tyler Seguin wins face-off versus Michael Frolik in Hurricanes zone.
16:39 of 3rd period - Blake Wheeler is hit by Brian Dumoulin.
16:50 of 3rd period - Blake Wheeler is hit by Brian Dumoulin and loses puck.
16:54 of 3rd period - Icing by Carl Hagelin.
16:55 of 3rd period - Vladimir Sobotka wins face-off versus Aleksander Barkov in Hurricanes zone.
17:09 of 3rd period - Shot by Aleksander Barkov.
17:09 of 3rd period - Stopped by Frederik Andersen with a rebound.
17:47 of 3rd period - Shot by Nick Foligno.
17:47 of 3rd period - Shot Misses the Net.
17:49 of 3rd period - Shot by Nick Foligno.
17:49 of 3rd period - Shot Misses the Net.
17:51 of 3rd period - Shot by Bryan Little.
17:51 of 3rd period - Stopped by Devan Dubnyk without a rebound.
17:52 of 3rd period - Derek Ryan wins face-off versus Tyler Seguin in Panthers zone.
18:01 of 3rd period - Shot by Derek Ryan.
18:01 of 3rd period - Shot Misses the Net.
18:03 of 3rd period - Shot by Derek Ryan.
18:03 of 3rd period - Shot Misses the Net.
18:27 of 3rd period - Shot by Derek Ryan.
18:27 of 3rd period - Shot Misses the Net.
18:29 of 3rd period - Shot by Derek Ryan.
18:29 of 3rd period - Stopped by Devan Dubnyk without a rebound.
18:30 of 3rd period - Bryan Little wins face-off versus Joe Thornton in Panthers zone.
19:07 of 3rd period - Shot by Nick Foligno.
19:07 of 3rd period - Stopped by Devan Dubnyk without a rebound.
19:08 of 3rd period - Luke Glendening wins face-off versus Michael Frolik in Panthers zone.
19:25 of 3rd period - Shot by Luke Glendening.
19:25 of 3rd period - Stopped by Frederik Andersen without a rebound.
19:26 of 3rd period - Alex Chiasson wins face-off versus Tyler Seguin in Hurricanes zone.
19:59 of 3rd period - Shot by Matthew Tkachuk.
19:59 of 3rd period - Stopped by Frederik Andersen with a rebound.
Goals for this period are 0 for Hurricanes vs 0 for Panthers.
Shots for this period are 10 for Hurricanes vs 12 for Panthers.

Overtime #1


0:01 of 1st overtime period - Tyler Seguin wins face-off versus Bryan Little in neutral zone.
0:08 of 1st overtime period - Shot by Aleksander Barkov.
0:08 of 1st overtime period - Stopped by Frederik Andersen without a rebound.
0:09 of 1st overtime period - Bryan Little wins face-off versus Tyler Seguin in Hurricanes zone.
0:15 of 1st overtime period - Off-side.
0:16 of 1st overtime period - Tyler Seguin wins face-off versus Bryan Little in neutral zone.
0:33 of 1st overtime period - Shot by Blake Wheeler.
0:33 of 1st overtime period - Stopped by Frederik Andersen without a rebound.
0:34 of 1st overtime period - Tyler Seguin wins face-off versus Bryan Little in Hurricanes zone.
1:04 of 1st overtime period - Shot by Bryan Little.
1:04 of 1st overtime period - Shot Misses the Net.
1:06 of 1st overtime period - Shot by Dustin Byfuglien.
1:06 of 1st overtime period - Deflect By Bryan Little.
1:06 of 1st overtime period - Goal by Bryan Little - Hurricanes : 2 - Panthers : 1.
Goals for this period are 1 for Hurricanes vs 0 for Panthers.
Shots for this period are 1 for Hurricanes vs 2 for Panthers.